 Dungeon Crawl Stone Soup version 0.27.0-1-g7a08968 (webtiles) character file.

Game seed: 11224819849761525630

1248 Scud the Skirmisher (level 8, -1/61 HPs)
             Began as a Djinni Fire Elementalist on Aug 21, 2021.
             Slain by Pikel (5 damage)
             ... on level 6 of the Dungeon on Aug 22, 2021.
             The game lasted 00:45:38 (8362 turns).

Scud the Skirmisher (Djinni Fire Elementalist)      Turns: 8362, Time: 00:45:39

Health: -1/61      AC:  4    Str:  7    XL:     8   Next: 79%
Gold:   201        EV: 14    Int: 18    God:
                   SH:  0    Dex: 15

rFire    + + .     SeeInvis .   w - +0 hunting sling
rCold    . . .     Faith    .   (no shield)
rNeg     . . .     Spirit   .   o - +1 robe {rC+}
rPois    ∞         Reflect  .   (no helmet)
rElec    .         Harm     .   q - +0 cloak
rCorr    .         Rampage  .   (no gloves)
Will     .....                  (boots unavailable)
Stlth    ++........             x - amulet of the acrobat
HPRegen  0.20/turn              (no ring)
MPRegen  0.00/turn              (no ring)

@: flying
A: sickness immunity, fire resistance 2, cold vulnerability 1, float, innate
caster, hp casting, extra vitality 1
a: no special abilities


You were on level 6 of the Dungeon.
You visited 2 branches of the dungeon, and saw 7 of its levels.

You collected 201 gold pieces.

Inventory:

Hand Weapons
 a - a +2 trident of venom
 g - a +2 whip of draining
 j - a +5 war axe
 k - a +0 dagger of draining
 w - a +0 hunting sling (weapon)
 B - a +0 long sword
Missiles
 n - 38 sling bullets (quivered ammo)
Armour
 i - a +0 tower shield
 o - a +1 robe of cold resistance (worn)
 q - a +0 cloak (worn)
Magical Staves
 e - a staff of death
Jewellery
 x - an amulet of the acrobat (around neck)
Wands
 l - a wand of polymorph (9)
 v - a wand of paralysis (24)
Scrolls
 b - a scroll of torment {unknown}
 c - 5 scrolls of teleportation {unknown}
 d - 2 scrolls of identify {unknown}
 f - a scroll of holy word {unknown}
 m - a scroll of amnesia {unknown}
 y - a scroll of silence {unknown}
Potions
 h - 2 potions of might {unknown}
 p - a potion of magic {unknown}
 r - a potion of flight {unknown}
 s - a potion of curing {unknown}
 t - a potion of ambrosia {unknown}
 u - 2 potions of lignification {unknown}
 z - a potion of heal wounds
 A - a potion of degeneration {unknown}
 C - 2 potions of mutation {unknown}


   Skills:
 * Level 6.1 Fighting
 + Level 4.4 Dodging
 - Level 1.6 Stealth
 * Level 5.5 Spellcasting
 + Level 1.7 Invocations


You couldn't memorise any spells.
You knew the following spells:

 Your Spells              Type           Power      Damage    Failure   Level
a - Foxfire               Conj/Fire      96%        2x1d8     1%          1
b - Inner Flame           Hex/Fire       24%        N/A       4%          3
c - Call Canine Familiar  Summ           24%        N/A       4%          3
d - Sticky Flame          Conj/Fire      24%        2d5       13%         4
e - Passwall              Tmut/Erth      20%        N/A       1%          2
f - Conjure Flame         Conj/Fire      24%        6-21      4%          3
g - Fireball              Conj/Fire      12%        3d7       36%         5
h - Pain                  Necr           96%        1d8       1%          1
Your spell library was empty.

Dungeon Overview and Level Annotations

Branches:
Dungeon (6/15)             Temple (1/1) D:4

Altars:
Ashenzari
Cheibriados
Dithmenos
Elyvilon
Fedhas
Gozag
Kikubaaqudgha
Nemelex Xobeh
Okawaru
Qazlal
Ru
Sif Muna
Trog
Uskayaw
Vehumet
Wu Jian
Xom
Zin
The Shining One

Annotations:
D:5 2 runed translucent doors
D:6 Pikel


Innate Abilities, Weirdness & Mutations

You are immune to sickness and miasma.
You are immune to poison.
Your flesh is very heat resistant. (rF++)
You are vulnerable to cold. (rC-)
You float through the air rather than walking.
You learn spells naturally, not from books.
Your magical power is your life essence.
You have superior vitality. (+4 HP)


Message History

Your hound closely misses the lemure.
The lemure closely misses you.
Your hound bites the lemure but does no damage.
You fly upwards.
Your summoned ally is left behind.
Level annotation: 2 runed translucent doors
There is a stone staircase leading down here.
The lemure hits you! The lemure barely misses you.
You fly downwards.
Level annotation: Pikel Your hound disappears in a puff of smoke!
Pikel barely misses you.
There is a stone staircase leading up here.
The lemure misses you. Pikel misses you. The lemure hits you!
* * * LOW HITPOINT WARNING * * *
The lemure closely misses you.
There is a stone staircase leading up here.
You can't go down here!
The lemure hits you.
* * * LOW HITPOINT WARNING * * *
The lemure misses you. Pikel barely misses you. The lemure hits you.
* * * LOW HITPOINT WARNING * * *
You fly upwards.
Level annotation: 2 runed translucent doors
There is a stone staircase leading down here.
The lemure hits you.
* * * LOW HITPOINT WARNING * * *
The lemure hits you.
* * * LOW HITPOINT WARNING * * *
Pikel hits you with a +2 whip of electrocution.
* * * LOW HITPOINT WARNING * * *
The lemure completely misses you.
You fly downwards.
There is a stone staircase leading up here.
There are monsters nearby!
The lemure hits you.
Keep disrobing?
You stop removing your amulet.
* * * LOW HITPOINT WARNING * * *
The lemure barely misses you.
Pikel hits you with a +2 whip of electrocution.
You die...

#. #.# ..
##.#####.#
..
#........#
(.
#........#
..
#........#
#........#
#........#
#.....55<#
#....K@..#
#....5...#
########.#
#.# #†#
#.# #.#
#.......5.
#.........


You could see Pikel and 3 lemures.

Vanquished Creatures
  Grinder (D:5)
  2 necrophages
  An ogre (D:5)
  A phantom (D:4)
  A lemure (D:6)
  2 scorpions
  2 wights (D:3)
  A howler monkey (D:4)
  A hound (D:6)
  A bullfrog skeleton (D:4)
  An iguana (D:6)
  3 gnolls (D:2)
  6 adders
  A shadow imp (D:6)
  A white imp (D:6)
  An ufetubus (D:5)
  A worm (D:3)
  A dart slug (D:1)
  2 endoplasms (D:2)
  5 giant cockroaches
  5 goblins
  7 hobgoblins
  3 jackals (D:1)
  11 kobolds
  4 quokkas
  4 ball pythons
  3 bats
  2 frilled lizards
  25 rats
99 creatures vanquished.

Vanquished Creatures (collateral kills)
  A necrophage (D:6)
  A phantom (D:5)
  Blork the orc (D:6)
  A wight (D:3)
  A centaur skeleton (D:4)
  A hound (D:5)
  Ijyb (D:5)
  An orc (D:6)
8 creatures vanquished.

Vanquished Creatures (others)
  285 foxfires
285 creatures vanquished.

Grand Total: 392 creatures vanquished

Notes
Turn   | Place    | Note
-------+----------+-------------------------------------------
     0 | D:1      | Scud the Djinni Fire Elementalist began the quest for the
                  | Orb.
     0 | D:1      | Reached XP level 1. HP: 15/15 MP: 0/0
   215 | D:1      | Reached XP level 2. HP: 20/21 MP: 0/0
   711 | D:1      | Reached skill level 1 in Fighting
   713 | D:1      | Reached XP level 3. HP: 16/27 MP: 0/0
   713 | D:1      | Learned a level 1 spell: Pain
  1710 | D:2      | Reached XP level 4. HP: 19/33 MP: 0/0
  2327 | D:2      | Reached skill level 2 in Fighting
  3067 | D:2      | Reached XP level 5. HP: 27/38 MP: 0/0
  3067 | D:2      | Learned a level 2 spell: Passwall
  3869 | D:3      | Noticed a necrophage
  3894 | D:3      | Killed a necrophage
  3895 | D:3      | Reached skill level 3 in Fighting
  3895 | D:3      | Reached XP level 6. HP: 27/46 MP: 0/0
  4550 | D:4      | Noticed a moth of wrath
  5059 | D:3      | Reached skill level 4 in Fighting
  5059 | D:3      | Reached XP level 7. HP: 48/52 MP: 0/0
  5059 | D:3      | Learned a level 3 spell: Call Canine Familiar
  5394 | D:4      | Found a bloodstained altar of Trog.
  5765 | D:4      | Found a staircase to the Ecumenical Temple.
  5775 | Temple   | Entered the Ecumenical Temple
  6001 | D:5      | Entered Level 5 of the Dungeon
  6720 | D:5      | Noticed Grinder
  6737 | D:5      | Killed Grinder
  6738 | D:5      | Reached skill level 5 in Fighting
  6738 | D:5      | Reached skill level 5 in Spellcasting
  6738 | D:5      | Reached XP level 8. HP: 37/59 MP: 0/0
  6898 | D:5      | Found a runed translucent door.
  6906 | D:5      | Found a runed translucent door.
  7138 | D:5      | Noticed Ijyb
  7158 | D:5      | Killed Ijyb
  7466 | D:6      | Reached skill level 1 in Invocations
  7734 | D:6      | Noticed Blork the orc
  7740 | D:6      | Killed Blork the orc
  7916 | D:6      | Reached skill level 6 in Fighting
  8335 | D:6      | Noticed Pikel
  8362 | D:6      | Slain by Pikel

Illustrated notes

Levels and vault maps discovered:
D:1:      nicolae_arrival_somewhat_less_tricky_arrival, layout_basic
D:2:      layout_rooms, minmay_rat_hole
D:3:      layout_loops_ring, nrook_mini_vaults
D:4:      layout_cave_pools, tgw_trog, minmay_temple_entry_hall,
          grunt_ministairs_2, minivault_1
D:5:      lemuel_insect_pit, layout_loops_ring, minmay_misc_feat_encased,
          hangedman_decor_opposing, uniq_grinder, uniq_ijyb
D:6:      layout_basic, lemuel_doored_altar, kennysheep_generic_room_5,
          uniq_blork_the_orc, uniq_pikel
Temple:   nicolae_temple_no_exploring_needed

Skill      XL: |  1  2  3  4  5  6  7  8 |
---------------+-------------------------+-----
Fighting       | 1 2 3 4 5 6 |  6.1
Spellcasting   | 3 4 5 |  5.5
Dodging        | 3 4 |  4.4
Invocations    | 1 |  1.7
Stealth        | |  1.6

Action                   |  1- 3 |  4- 6 |  7- 9 || total
-------------------------+-------+-------+-------++-------
Melee: Unarmed           |     9 |       |       ||     9
       Staff             |     7 |    20 |       ||    27
 Fire: Hunting sling     |       |       |     8 ||     8
Throw: Stone             |       |    19 |       ||    19
 Cast: Foxfire           |    40 |    52 |   115 ||   207
       Pain              |    13 |    41 |       ||    54
       Passwall          |       |     1 |       ||     1
       Call Canine Famil |       |       |    17 ||    17
       Sticky Flame      |       |       |     6 ||     6
       Inner Flame       |       |       |     1 ||     1
 Stab: Sleeping          |     1 |       |       ||     1
Armor: Robe              |    15 |     7 |    19 ||    41
Dodge: Dodged            |    32 |    42 |    78 ||   152
